 Dungeon Crawl Stone Soup version 0.14-a0-2374-ge879b5e (webtiles) character file.

124 PolkaDot the Vexing (level 3, 0/25 HPs)
             Began as a Vampire Enchanter on Feb 1, 2014.
             Slain by an inept fountain mimic (6 damage)
             ... on Level 3 of the Dungeon.
             The game lasted 00:08:15 (1803 turns).

PolkaDot the Vexing (Vampire Enchanter)             Turns: 1803, Time: 00:08:16

HP   0/25        AC  3     Str  7      XL: 3   Next: 96%
MP   5/6         EV 12     Int 17      God:
Gold 58          SH  0     Dex 15      Spells:  2 memorised,  2 levels left

rFire  . . .     SeeInvis +     q - -3,+0 short sword (curse)
rCold  . . .     Clarity  .     b - +1 robe
rNeg   . . .     Conserve .     (no shield)
rPois  .         rCorr    .     (no helmet)
rElec  .         rRot     .     (no cloak)
SustAb . .       Spirit   .     (no gloves)
rMut   .         Warding  .     (no boots)
Saprov . . .     Stasis   .     (no amulet)
MR     .....                    (no ring)
                                (no ring)

@: regenerating quickly, held, not resistant to hostile enchantments, stealthy
A: fangs 3, see invisible, unbreathing
a: no special abilities


You were on level 3 of the Dungeon.
You were very full.

You visited 1 branch of the dungeon, and saw 3 of its levels.

You collected 58 gold pieces.

Inventory:

Hand weapons
 a - a +1,+1 dagger
 q - a cursed -3,+0 short sword (weapon)
Missiles
 d - 11 darts (quivered)
Armour
 b - a +1 robe (worn)
Scrolls
 e - 2 scrolls of noise
 g - a scroll of recharging {unknown}
 j - a scroll of blinking
 k - a scroll of enchant weapon II {unknown}
 l - a scroll of curse jewellery {unknown}
 m - a scroll of fog {unknown}
 n - a scroll of identify {unknown}
 o - a scroll of enchant weapon I {unknown}
 r - a scroll of curse weapon {unknown}
Potions
 f - 2 potions of curing {unknown}
 h - a potion of invisibility {unknown}
 i - a potion of confusion {unknown}
 p - a potion of restore abilities {unknown}
Books
 c - a book of Maledictions

   Spells                             Type                      Level
   *Corona                            Hexes                        1
   Sure Blade                         Hexes/Charms                 2
   Ensorcelled Hibernation            Hexes/Ice                    2
   *Confuse                           Hexes                        3
   Enslavement                        Hexes                        4
   Invisibility                       Hexes                        6


   Skills:
 + Level 0.8 Fighting
 - Level 2.3 Short Blades
 - Level 0.7 Throwing
 - Level 2.1 Dodging
 + Level 3.9 Stealth
 - Level 2.0 Spellcasting
 * Level 5.7 Hexes


You had 2 spell levels left.
You knew the following spells:

 Your Spells              Type           Power        Failure   Level  Hunger
a - Corona                Hex            ###....      1%          1    #......
c - Confuse               Hex            ###.....     8%          3    ####...


Dungeon Overview and Level Annotations

Branches:
Dungeon (3/16)

Altars:
Nemelex Xobeh


Innate Abilities, Weirdness & Mutations

Your natural rate of healing is unusually fast.
You have razor-sharp teeth.*
You have supernaturally acute eyesight.
You can survive without breathing.*


Message History

You hit the inept fountain mimic.
The inept fountain mimic is moderately damaged.
The inept fountain mimic splashes you.
You hit the inept fountain mimic.
The inept fountain mimic is severely damaged.
The inept fountain mimic splashes you.
You hit the inept fountain mimic but do no damage.
The inept fountain mimic is severely damaged.
The inept fountain mimic closely misses you.
You hit the inept fountain mimic but do no damage.
The inept fountain mimic is severely damaged.
The inept fountain mimic barely misses you.
You hit the inept fountain mimic but do no damage.
The inept fountain mimic is severely damaged.
The inept fountain mimic splashes you.
* * * LOW HITPOINT WARNING * * *
You hit the inept fountain mimic but do no damage.
The inept fountain mimic is severely damaged.
The inept fountain mimic splashes you.
You die...

#.# #.# #.#
#.# #.#
#.###########
#[#...........
#<#...........
#.#..@###....#
#.#..#⌠S.#
#....#...#
###..#...#
##.≈###≈≈≈≈#
#..≈≈≈≈≈≈≈≈
#..≈≈≈≈≈≈≈≈
#.≈###≈≈≈≈
#.#. ≈≈#


You could see an adder and an inept fountain mimic.

Vanquished Creatures
  An adder (D:2)
  2 giant geckos (D:2)
  3 oozes (D:1)
  A ball python (D:1)
  5 hobgoblins
  7 jackals
  A quokka (D:2)
  8 bats
  3 giant newts
  5 goblins
  9 kobolds
  3 rats
48 creatures vanquished.

Notes
Turn   | Place    | Note
--------------------------------------------------------------
     0 | D:1      | PolkaDot, the Vampire Enchanter, began the quest for the Orb.
     0 | D:1      | Reached XP level 1. HP: 13/13 MP: 3/3
   210 | D:1      | Reached XP level 2. HP: 5/19 MP: 2/4
   599 | D:1      | Reached skill level 5 in Hexes
   766 | D:1      | Reached XP level 3. HP: 22/24 MP: 6/6
   771 | D:1      | Learned a level 3 spell: Confuse
  1240 | D:2      | Found a sparkling altar of Nemelex Xobeh.
  1803 | D:3      | Slain by an inept fountain mimic

Action                   || total
-------------------------++-------
Melee: Dagger            ||   176
       Short sword       ||    49
Throw: Dart              ||     4
 Cast: Corona            ||    16
  Use: Potion            ||     3
       Scroll            ||     3
 Stab: Sleeping          ||     6
